 Dungeon Sprint DCSS version 0.30-a0-918-g0ff054e9dc (webtiles) character file.

Game seed: 11533280889517870403

9600000 BigDaddyOpFi the Intangible (level 27, -13/228 HPs)
             Began as a Djinni Warper on Mar 20, 2023.
             Was the Champion of Makhleb.
             Mangled by a meat berserker
             ... wielding a +9 battleaxe
              (84 damage)
             ... in the Dungeon (Sprint VIII: "Arena of Blood").
             The game lasted 00:02:01 (96 turns).

BigDaddyOpFi the Intangible (Djinni Warper)           Turns: 96, Time: 00:02:02

Health: -13/228    AC:  6    Str: 10    XL:     27
Gold:   0          EV: 36    Int: 17    God:    Makhleb [******] SH:  0 Dex: 25

rFire   + + .      SeeInvis +    h - +∞ Axe of Woe
rCold   x . .      Faith    .    (shield currently unavailable)
rNeg    . . .      Spirit   .    a - +0 leather armour
rPois   ∞          Reflect  .    (no helmet)
rElec   .          Rampage  .    (no cloak)
rCorr   .          NoTele   +    (no gloves)
Will    ++...                    (boots unavailable)
Stlth   ++++++++++               (no amulet)
HPRegen 0.58/turn                i - ring of see invisible
MPRegen 0.00/turn                (no ring)

@: flying, slowed, very slow
A: sickness immunity, fire resistance 2, cold vulnerability 1, float, innate
caster, HP casting, extra vitality 1
a: Renounce Religion, Minor Destruction, Lesser Servant of Makhleb, Major
Destruction, Greater Servant of Makhleb


You were in the Dungeon.
You worshipped Makhleb.
Makhleb was exalted by your worship.
You visited 1 branch

Inventory:

Hand Weapons
 h - the +∞ Axe of Woe (weapon)
   (You found it in the Dungeon)
Missiles
 c - 7 boomerangs of dispersal (quivered)
Armour
 a - a +0 leather armour (worn)
Jewellery
 i - a ring of see invisible (left hand)
Scrolls
 b - 2 scrolls of blinking
Potions
 d - a potion of curing
 e - a potion of heal wounds
 f - a potion of haste
 g - a potion of berserk rage


   Skills:
 O Level 27 Fighting
 O Level 27 Short Blades
 O Level 27 Long Blades
 O Level 27 Axes
 O Level 27 Maces & Flails
 O Level 27 Polearms
 O Level 27 Staves
 O Level 27 Ranged Weapons
 O Level 27 Throwing
 O Level 27 Armour
 O Level 27 Dodging
 O Level 27 Stealth
 O Level 27 Shields
 O Level 27 Unarmed Combat
 O Level 27 Spellcasting
 O Level 27 Invocations
 O Level 27 Evocations


You knew the following spells:

 Your Spells              Type           Power      Damage    Failure   Level
a - Blink                 Tloc           100%       N/A       0%          2
b - Lesser Beckoning      Tloc           100%       N/A       0%          2
c - Vhi's Electric Charg  Tloc/Air       100%       N/A       0%          3
d - Teleport Other        Tloc           86%        N/A       0%          3
e - Manifold Assault      Tloc           86%        N/A       0%          4
f - Magic Dart            Conj           100%       1d8       0%          1
g - Searing Ray           Conj           100%       2d8       0%          2
h - Portal Projectile     Hex/Tloc       100%       N/A       0%          3
i - Confusing Touch       Hex            86%        N/A       0%          3
j - Borgnjor's Vile Clut  Necr/Erth      43%        N/A       0%          5
k - Agony                 Necr           86%        N/A       0%          5
l - Death Channel         Necr           43%        N/A       0%          6
m - Conjure Ball Lightni  Conj/Air       43%        3x3d15    0%          6
n - Summon Hydra          Summ           43%        N/A       1%          7
o - Necromutation         Tmut/Necr      43%        N/A       1%          8
p - Haunt                 Necr/Summ      43%        N/A       1%          7
q - Lehudib's Crystal Sp  Conj/Erth      43%        10d10     1%          8
r - Shatter               Erth           43%        3d33*     2%          9
Your spell library was empty.

Dungeon Overview and Level Annotations

Branches:
Dungeon (1/1)

Altars:
Makhleb

Annotations:
D The Defiler


Innate Abilities, Weirdness & Mutations

You are immune to sickness and miasma.
You are immune to poison.
Your flesh is very heat resistant. (rF++)
You are vulnerable to cold. (rC-)
You float through the air rather than walking.
You learn spells naturally, not from books.
Your magical power is your life essence.
You have superior vitality. (+4 MHP)


Message History

You feel better.
You hit the destroyer.
You slaughter the destroyer joyfully.
You destroy the destroyer!
Makhleb accepts your kill.
You feel better.
You slash the bag of meat!
You pulverise the bag of meat into a thin bloody mist.
You kill the bag of meat!
Makhleb accepts your kill.
You feel better.
The scourge appears out of thin air!
A scourge comes into view.
You hear a shout! x2
The observer pulsates ominously.
The observer gazes at you. Something smites you!
You hear a shout! x2
A bag of meat comes into view. It is wielding a +9 war axe.
A meat berserker comes into view. It is wielding a +9 battleaxe.
A bag of meat comes into view. It is wielding a +9 war axe. x2
You hear a shout!
The meat berserker rages.
The destroyer points at you and mumbles some strange words.
The destroyer blinks!
You hear a shout! x4
The eight-headed meat hydra calls on the powers of darkness!
The eight-headed meat hydra convulses!
The observer convulses! x2
The bag of meat convulses! x2; The observer convulses!
The bag of meat convulses!
The Defiler convulses!
Your body is wracked with pain!
The bag of meat convulses!
The meat berserker convulses!
The bag of meat convulses!
The meat berserker convulses!
The bag of meat convulses!
The meat berserker convulses!
The accursed gestures at you while chanting.
Something smites you! The observer completely misses you.
You hear a shout!
The observer pulsates ominously.
The observer gazes at you. Something smites you!
The accursed gestures at you while chanting.
Something smites you!
The meat berserker hits you with a +9 battleaxe!!!!
You die...

...))#....)#...
oV§○☼#_.<)_#.S..o..M. .
...))#....)#.....G#o#.#M
OV§....._......o.o.GooGo
..)....###.....Oo.o#.#.#
§.###.......###VDO.o.W..
...)#.......#....OGOoO..
....#).)....#..oOo.2..oO
..).))))....G..)@o.@.W.o
.....).)....§))°#G..#o..
.....)))...)°..#....#
...........°.##.....#
...#).)...o)#......#Vo
.....).)....#...###WG.D
..##.#)o.............#G.
..D......†........... ..
#....#.....####.....


You could see 2 accurseds, a meat beast (fast), 2 eight-headed meat hydras, 2
destroyers, 8 observers, a scourge (wandering), a large bag of meat (inner
flame), The Defiler, 6 meat berserkers, 3 wretched souls and 19 bags of meat.

Vanquished Creatures
  4 hell beasts (D)
  2 royal mummies (D)
  A wraith (D)
  13 vampire knights (D)
  33 ogres (D)
  4 two-headed ogres (D)
  4 liches (D)
  A hydra (D)
  4 phantoms (D)
  45 orcs (D)
  6 skeletal warriors (D)
117 creatures vanquished.

Notes
Turn   | Place    | Note
-------+----------+-------------------------------------------
     0 | D        | Found the +∞ Axe of Woe
     0 | D        | BigDaddyOpFi the Djinni Warper began the quest for the Orb.
     0 | D        | BigDaddyOpFi set off with the following spells memorised:
                  | Blink, Lesser Beckoning, Vhi's Electric Charge, Teleport
                  | Other, Manifold Assault.
     0 | D        | Reached XP level 1. HP: 18/18 MP: 0/0
     2 | D        | Noticed a meat berserker
     3 | D        | Noticed a bag of meat
     3 | D        | Noticed a bag of meat
     4 | D        | Became a worshipper of Makhleb the Destroyer
     4 | D        | Noticed a bag of meat
     6 | D        | Killed a meat berserker
     6 | D        | Noticed a meat berserker
     6 | D        | Noticed a bag of meat
     7 | D        | Reached skill level 10 in Fighting
     7 | D        | Reached skill level 10 in Armour
     7 | D        | Reached skill level 10 in Unarmed Combat
     7 | D        | Reached skill level 10 in Invocations
     7 | D        | Reached XP level 2. HP: 36/36 MP: 0/0
     7 | D        | Reached XP level 3. HP: 41/41 MP: 0/0
     7 | D        | Learned a level 1 spell: Magic Dart
     7 | D        | Reached XP level 4. HP: 47/47 MP: 0/0
     7 | D        | Reached XP level 5. HP: 52/52 MP: 0/0
     7 | D        | Learned a level 2 spell: Searing Ray
     7 | D        | Reached XP level 6. HP: 58/58 MP: 0/0
     7 | D        | Reached XP level 7. HP: 64/64 MP: 0/0
     7 | D        | Learned a level 3 spell: Portal Projectile
     7 | D        | Reached XP level 8. HP: 69/69 MP: 0/0
     7 | D        | Reached XP level 9. HP: 75/75 MP: 0/0
     7 | D        | Learned a level 3 spell: Confusing Touch
     7 | D        | Reached XP level 10. HP: 81/81 MP: 0/0
     7 | D        | Reached XP level 11. HP: 86/86 MP: 0/0
     7 | D        | Learned a level 5 spell: Borgnjor's Vile Clutch
     7 | D        | Reached XP level 12. HP: 92/92 MP: 0/0
     7 | D        | Noticed a bag of meat
     9 | D        | Killed a bag of meat
     9 | D        | Reached * piety under Makhleb
    10 | D        | Reached skill level 10 in Stealth
    10 | D        | Reached XP level 13. HP: 20/99 MP: 0/0
    10 | D        | Learned a level 5 spell: Agony
    10 | D        | Killed a meat berserker
    10 | D        | Killed a bag of meat
    11 | D        | Reached skill level 10 in Spellcasting
    11 | D        | Reached XP level 14. HP: 45/110 MP: 0/0
    11 | D        | Killed a bag of meat
    11 | D        | Reached ** piety under Makhleb
    11 | D        | Killed a bag of meat
    12 | D        | Reached skill level 15 in Dodging
    12 | D        | Reached XP level 15. HP: 49/118 MP: 0/0
    12 | D        | Learned a level 6 spell: Death Channel
    12 | D        | Noticed a meat berserker
    12 | D        | Noticed a meat berserker
    13 | D        | Noticed a meat berserker
    13 | D        | Reached *** piety under Makhleb
    14 | D        | Reached skill level 15 in Fighting
    14 | D        | Reached skill level 15 in Armour
    14 | D        | Reached skill level 15 in Unarmed Combat
    14 | D        | Reached skill level 15 in Invocations
    15 | D        | Killed a meat berserker
    15 | D        | Noticed a meat berserker
    16 | D        | Reached XP level 16. HP: 73/128 MP: 0/0
    16 | D        | Killed a meat berserker
    16 | D        | Reached **** piety under Makhleb
    16 | D        | Noticed a meat berserker
    16 | D        | Noticed a meat berserker
    17 | D        | Reached skill level 15 in Stealth
    17 | D        | Reached XP level 17. HP: 133/136 MP: 0/0
    17 | D        | Learned a level 6 spell: Conjure Ball Lightning
    17 | D        | Noticed a destroyer
    17 | D        | Killed a meat berserker
    18 | D        | Reached skill level 15 in Axes
    18 | D        | Reached skill level 15 in Throwing
    18 | D        | Reached ***** piety under Makhleb
    18 | D        | Noticed a meat berserker
    18 | D        | Noticed a meat berserker
    20 | D        | Killed a meat berserker
    20 | D        | Noticed a meat berserker
    20 | D        | Noticed a large bag of meat
    21 | D        | Reached skill level 15 in Spellcasting
    21 | D        | Reached XP level 18. HP: 106/148 MP: 0/0
    21 | D        | Killed a destroyer
    21 | D        | Killed a meat berserker
    21 | D        | Killed a meat berserker
    22 | D        | Reached XP level 19. HP: 92/158 MP: 0/0
    22 | D        | Learned a level 7 spell: Summon Hydra
    22 | D        | Killed a meat berserker
    23 | D        | Killed a meat berserker
    23 | D        | Reached ****** piety under Makhleb
    23 | D        | Noticed a meat berserker
    23 | D        | Noticed a meat berserker
    23 | D        | Noticed a destroyer
    24 | D        | Reached XP level 20. HP: 104/168 MP: 0/0
    24 | D        | Noticed a destroyer
    24 | D        | Killed a meat berserker
    25 | D        | Noticed a destroyer
    25 | D        | Killed a large bag of meat
    25 | D        | Noticed a destroyer
    26 | D        | Noticed a destroyer
    26 | D        | Noticed a meat berserker
    26 | D        | Noticed a large bag of meat
    27 | D        | Killed a meat berserker
    27 | D        | Killed a destroyer
    27 | D        | Noticed a destroyer
    28 | D        | Reached XP level 21. HP: 178/182 MP: 0/0
    28 | D        | Learned a level 8 spell: Necromutation
    28 | D        | Killed a meat berserker
    29 | D        | Reached skill level 27 in Dodging
    29 | D        | Killed a destroyer
    29 | D        | Killed a destroyer
    30 | D        | Reached XP level 22. HP: 188/193 MP: 0/0
    31 | D        | Reached skill level 27 in Fighting
    31 | D        | Reached skill level 27 in Armour
    31 | D        | Reached skill level 27 in Unarmed Combat
    31 | D        | Reached skill level 27 in Invocations
    31 | D        | Noticed a large bag of meat
    31 | D        | Noticed a meat berserker
    31 | D        | Noticed a meat berserker
    31 | D        | Noticed a destroyer
    31 | D        | Killed a meat berserker
    32 | D        | Noticed a meat berserker
    33 | D        | Reached XP level 23. HP: 201/201 MP: 0/0
    33 | D        | Learned a level 7 spell: Haunt
    33 | D        | Noticed a large bag of meat
    34 | D        | Noticed a destroyer
    34 | D        | Killed a large bag of meat
    34 | D        | Killed a large bag of meat
    35 | D        | Reached skill level 27 in Stealth
    36 | D        | Reached skill level 27 in Axes
    36 | D        | Reached skill level 27 in Throwing
    36 | D        | Reached skill level 27 in Spellcasting
    36 | D        | Reached skill level 10 in Maces & Flails
    36 | D        | Reached skill level 10 in Polearms
    36 | D        | Reached XP level 24. HP: 204/208 MP: 0/0
    37 | D        | Reached skill level 15 in Maces & Flails
    37 | D        | Reached skill level 15 in Polearms
    38 | D        | Noticed a destroyer
    38 | D        | Noticed a destroyer
    40 | D        | Killed a large bag of meat
    40 | D        | Noticed a tyrant
    41 | D        | Reached XP level 25. HP: 197/214 MP: 0/0
    41 | D        | Learned a level 8 spell: Lehudib's Crystal Spear
    41 | D        | Killed a destroyer
    42 | D        | Killed a destroyer
    43 | D        | Reached skill level 27 in Maces & Flails
    43 | D        | Reached skill level 27 in Polearms
    43 | D        | Reached XP level 26. HP: 217/221 MP: 0/0
    43 | D        | Killed a tyrant
    44 | D        | Reached skill level 27 in Staves
    44 | D        | Killed a destroyer
    46 | D        | Reached skill level 10 in Shields
    46 | D        | Reached skill level 10 in Evocations
    46 | D        | Killed a destroyer
    47 | D        | Killed a destroyer
    48 | D        | Reached XP level 27. HP: 228/228 MP: 0/0
    48 | D        | Learned a level 9 spell: Shatter
    48 | D        | Killed a destroyer
    53 | D        | Killed a destroyer
    54 | D        | Noticed an accursed
    61 | D        | Killed an accursed
    64 | D        | Noticed a tyrant
    68 | D        | Reached skill level 27 in Shields
    68 | D        | Reached skill level 27 in Evocations
    68 | D        | Noticed a dread
    68 | D        | Noticed a meat beast
    73 | D        | Killed a dread
    74 | D        | Reached skill level 27 in Short Blades
    74 | D        | Reached skill level 27 in Long Blades
    74 | D        | Reached skill level 27 in Ranged Weapons
    74 | D        | Noticed a meat beast
    77 | D        | Killed a meat beast
    81 | D        | Killed a tyrant
    82 | D        | Noticed a tyrant
    82 | D        | Killed a tyrant
    82 | D        | Noticed a meat beast
    86 | D        | Killed a meat beast
    91 | D        | Killed a meat beast
    92 | D        | Noticed a destroyer
    92 | D        | Noticed an accursed
    92 | D        | Noticed a meat beast
    92 | D        | Noticed a destroyer
    93 | D        | Noticed a tyrant
    93 | D        | Noticed a large bag of meat
    94 | D        | Noticed a destroyer
    94 | D        | Noticed The Defiler
    94 | D        | Killed an accursed
    94 | D        | Killed a destroyer
    94 | D        | Noticed a meat beast
    95 | D        | Noticed a destroyer
    95 | D        | Killed a meat beast
    95 | D        | Killed a tyrant
    95 | D        | Noticed an accursed
    95 | D        | Noticed an accursed
    96 | D        | Killed a destroyer
    96 | D        | Mangled by a meat berserker

Illustrated notes

Levels and vault maps discovered:
D:        meatsprint

Skill      XL: |  1  2  3  4  5  6  7  8  9 10 11 12 13 14 15 16 17 18 19 20 21 22 23 24 25 26 27 |
---------------+----------------------------------------------------------------------------------+-----
Fighting       | 10 11 13 14 16 17 19 21 22 25 26 27 | 27.0
Axes           | 8 9 11 12 13 14 16 18 19 21 22 24 27 | 27.0
Throwing       | 8 9 11 12 13 14 16 18 19 21 22 24 27 | 27.0
Armour         | 10 11 13 14 16 17 19 21 22 24 26 27 | 27.0
Dodging        | 11 12 14 15 17 18 21 22 24 26 27 | 27.0
Stealth        | 9 10 12 13 14 15 17 19 20 23 24 26 27 | 27.0
Unarmed Combat | 10 11 13 14 16 17 19 21 22 24 26 27 | 27.0
Spellcasting   | 8 9 10 11 12 13 15 16 17 19 21 23 27 | 27.0
Invocations    | 10 11 13 14 16 17 19 21 22 24 26 27 | 27.0
Maces & Flails | 10 24 27 | 27.0
Polearms       | 10 24 27 | 27.0
Staves         | 22 27 | 27.0
Short Blades   | 16 27 | 27.0
Long Blades    | 16 27 | 27.0
Ranged Weapons | 14 27 | 27.0
Shields        | 17 27 | 27.0
Evocations     | 17 27 | 27.0

Action                     |  1- 3 |  4- 6 |  7- 9 | 10-12 | 13-15 | 16-18 | 19-21 | 22-24 | 25-27 || total
---------------------------+-------+-------+-------+-------+-------+-------+-------+-------+-------++-------
  Melee: Executioner's axe |     1 |       |       |     1 |     6 |     6 |     8 |    10 |    36 ||    68
   Cast: Vhi's Electric Ch |       |       |       |       |     3 |       |       |     4 |    11 ||    18
  Dodge: Dodged            |       |       |       |       |       |     1 |     1 |     1 |     5 ||     8

Table legend: (Time is in decaauts)
 A = Elapsed time spent in this place.
 B = Non-inter-level travel time spent in this place.
 C = Inter-level travel time spent in this place.
 D = Time resting spent in this place.
 E = Time spent auto-exploring this place.
 F = Levels seen in this place.
 G = Mean time per level.
                   A        B        C        D        E       F      G
               +--------+--------+--------+--------+--------+-----+--------+
         Total |     96 |     96 |      0 |      0 |      0 |   1 |   96.0 |
       Dungeon |     96 |     96 |      0 |      0 |      0 |   1 |   96.0 |
               +--------+--------+--------+--------+--------+-----+--------+

Top non-repeatable levels by time:
       D: 96 daAuts
